 Dungeon Crawl Stone Soup version 0.32-a0-643-ga006e7742e (webtiles) character file.

Game seed: 14935516387744077080

100 Fodor the Shield-Bearer (level 4, -4/40 HPs)
             Began as a Minotaur Fighter on Mar 7, 2024.
             Slain by IdlyInterested's ghost (11 damage)
             ... on level 3 of the Dungeon.
             The game lasted 00:06:07 (1693 turns).

Fodor the Shield-Bearer (Minotaur Fighter)          Turns: 1693, Time: 00:06:08

Health: -4/40      AC:  9    Str: 22    XL:     4   Next: 47%
Magic:  3/3        EV:  8    Int:  5    God:
Gold:   136        SH:  4    Dex: 10    Spells: 3/3 levels left

rFire   . . .        a - +0 hand axe (heavy)
rCold   . . .        c - +0 buckler
rNeg    . . .        b - +0 chain mail
rPois   .            (helmet restricted)
rElec   .            (no cloak)
rCorr   +            (no gloves)
SInv    .            (no boots)
Will    .....        (no amulet) Stlth
                     e - ring of resist corrosion
HPRegen 0.26/turn    (no ring)
MPRegen 0.08/turn

%: no passive effects
@: no status effects
A: horns 2, retaliatory headbutt
a: no special abilities


You were on level 3 of the Dungeon.
You visited 1 branch of the dungeon, and saw 3 of its levels.

You collected 136 gold pieces.

Inventory:

Hand Weapons
 a - a +0 heavy hand axe (weapon)
 r - a +2 sling of freezing
Missiles
 q - 2 boomerangs (quivered)
Armour
 b - a +0 chain mail (worn)
 c - a +0 buckler (worn)
Jewellery
 e - a ring of resist corrosion (left hand)
 o - a ring of ice
Scrolls
 f - 2 scrolls of immolation {unknown}
 h - a scroll of fear {unknown}
 j - a scroll of identify {unknown}
 k - 2 scrolls of enchant armour {unknown}
 m - a scroll of poison {unknown}
 n - a scroll of noise {unknown}
 p - a scroll of teleportation {unknown}
Potions
 d - a potion of might
 g - a potion of berserk rage {unknown}
 i - 3 potions of heal wounds {unknown}
 l - a potion of mutation {unknown}


   Skills:
 + Level 4.2 Fighting
 + Level 3.8 Axes
 + Level 0.2 Ranged Weapons
 + Level 4.2 Armour
 + Level 0.8 Dodging
 + Level 4.4 Shields


You had 3 spell levels left.
You didn't know any spells.
Your spell library contained the following spells:

 Spells                   Type           Power      Damage    Failure   Level
 Sting                    Conj/Alch      0%         1d3       99%         1
 Mercury Vapours          Alch/Air       0%         N/A       99%         2
 Olgreb's Toxic Radiance  Alch           0%         N/A       100%        4


Dungeon Overview and Level Annotations

Branches:
Dungeon (3/15)

Altars:
Fedhas
Yredelemnul

Shops:
D:2 ?

Annotations:
D:3 IdlyInterested's ghost, amateur DsGl


Innate Abilities, Weirdness & Mutations

You have a pair of horns on your head.
You reflexively headbutt those who attack you in melee.


Message History

a - a +0 heavy hand axe (weapon)
You hit the orc. Your headbutt misses the orc.
The orc is heavily wounded.
The orc hits you with a +0 mace. x2
You barely miss the orc. Your headbutt misses the orc.
The orc is heavily wounded.
The orc closely misses you. The orc hits you but does no damage.
You slash the orc!
You kill the orc!
IdlyInterested's ghost screams, "Very impressive.
But it won't help.
Nothing will."
You see here a +0 mace.
You see here a +0 mace.
Unknown command.
There is an open door here.
You open the gate. You slash IdlyInterested's ghost!
IdlyInterested's ghost is moderately damaged.
IdlyInterested's ghost hits you.
You block IdlyInterested's ghost's attack.
You barely miss IdlyInterested's ghost. You headbutt IdlyInterested's ghost.
IdlyInterested's ghost is moderately damaged.
IdlyInterested's ghost barely misses you.
You furiously retaliate!
You headbutt IdlyInterested's ghost.
IdlyInterested's ghost hits you but does no damage.
You barely miss IdlyInterested's ghost.
IdlyInterested's ghost is heavily damaged.
IdlyInterested's ghost hits you!
You slash IdlyInterested's ghost!
IdlyInterested's ghost is severely damaged.
IdlyInterested's ghost hits you. x2
You barely miss IdlyInterested's ghost.
IdlyInterested's ghost is severely damaged.
IdlyInterested's ghost hits you!
* * * LOW HITPOINT WARNING * * *
You block IdlyInterested's ghost's attack.
You closely miss IdlyInterested's ghost.
IdlyInterested's ghost is severely damaged.
You block IdlyInterested's ghost's attack.
IdlyInterested's ghost hits you!
You die...

....#........##.........#####...#
..............#..#............##.
...........##'########......#.##.
...........##.#### #......#....
...........##....### #...........
...........#####.#.###..(...##...
###).......##!.'....##...†.###...
.....#.....##?)'.._.##.>...###...
...........##$.W@...##.......#...
.......#########.#.###.......#...
###†...# #....### #.......#...
.......# #.#### #...........
.......# ###'########.######....
.......# #.)...##.....# #....
.......# #.....##.....# #....
###....# ########.....# #....
#....# #.....# #....


You could see IdlyInterested's ghost.

Vanquished Creatures
  3 adders (D:2)
  A ribbon worm (D:2)
  2 dart slugs
  An orc (D:3)
  5 endoplasms
  2 giant cockroaches (D:1)
  5 goblins
  7 hobgoblins
  4 jackals (D:2)
  4 quokkas
  3 ball pythons
  9 bats
  4 frilled lizards
  A jackal zombie (D:3)
  4 kobolds
  A quokka zombie (D:3)
  4 rats
60 creatures vanquished.

Notes
Turn   | Place    | Note
-------+----------+-------------------------------------------
     0 | D:1      | Fodor the Minotaur Fighter began the quest for the Orb.
     0 | D:1      | Reached XP level 1. HP: 19/19 MP: 0/0
   196 | D:1      | Reached XP level 2. HP: 27/27 MP: 1/1
   596 | D:1      | Reached XP level 3. HP: 33/33 MP: 2/2
   756 | D:2      | Found Fuumy's Magic Scroll Emporium.
  1151 | D:2      | Reached XP level 4. HP: 33/40 MP: 3/3
  1481 | D:3      | Found a faded altar of an unknown god.
  1613 | D:3      | Found a blossoming altar of Fedhas.
  1648 | D:3      | Found a runed translucent gate.
  1648 | D:3      | Found a runed translucent gate.
  1648 | D:3      | Found a runed translucent gate.
  1648 | D:3      | Noticed IdlyInterested's ghost (amateur DsGl)
  1650 | D:3      | Found a basalt altar of Yredelemnul.
  1693 | D:3      | Slain by IdlyInterested's ghost

Illustrated notes

Levels and vault maps discovered:
D:1:      spicycebolla_arrival_clurvy, layout_loops_cross, st_stairs_1,
          minmay_pentomino_s4
D:2:      layout_loops_ring, serial_shops, nicolae_square_shop
D:3:      layout_basic, lemuel_crystal_altar, nicolae_yredelemnul_ghost_church,
          fedhas_ov_isle_minmay, hellmonk_ecumenical_altar_crossroads,
          serial_glass, glass_columns_b, glass_columns_a, uniq_ijyb

Skill      XL: |  1  2  3 |
---------------+----------+-----
Armour         | 4 |  4.2
Shields        | 4 |  4.4
Fighting       | 4 |  4.2
Axes           | 3 |  3.8
Ranged Weapons | |  0.2
Dodging        | |  0.8

Action                     |  1- 3 |  4- 6 || total
---------------------------+-------+-------++-------
  Melee: War axe           |    45 |       ||    45
         Headbutt          |     9 |     8 ||    17
         Hand axe          |    29 |    38 ||    67
   Fire: Sling             |       |    19 ||    19
 Armour: Scale mail        |    45 |       ||    45
         Chain mail        |    18 |    45 ||    63
  Dodge: Dodged            |    42 |    25 ||    67
  Block: Buckler           |    19 |    16 ||    35

Table legend: (Time is in decaauts)
 A = Elapsed time spent in this place.
 B = Non-inter-level travel time spent in this place.
 C = Inter-level travel time spent in this place.
 D = Time resting spent in this place.
 E = Time spent auto-exploring this place.
 F = Levels seen in this place.
 G = Mean time per level.
                   A        B        C        D        E       F      G
               +--------+--------+--------+--------+--------+-----+--------+
         Total |   1767 |   1757 |     10 |      0 |   1176 |   3 |  589.0 |
       Dungeon |   1767 |   1757 |     10 |      0 |   1176 |   3 |  589.0 |
               +--------+--------+--------+--------+--------+-----+--------+

Top non-repeatable levels by time:
     D:2: 809 daAuts
     D:1: 639 daAuts
     D:3: 318 daAuts
